 Dungeon Crawl Stone Soup version 0.29.1-2-gbd0b4ee654 (webtiles) character file.

Game seed: 17094886808719489695

3336 RascalDebosk the Thaumaturge (level 10, -3/73 HPs)
             Began as a Djinni Air Elementalist on Oct 30, 2022.
             Was an Initiate of Ashenzari.
             Slain by Joseph
             ... wielding a +1 quarterstaff of draining
              (10 damage)
             ... on level 8 of the Dungeon.
             The game lasted 00:46:03 (6059 turns).

RascalDebosk the Thaumaturge (DjAE)                 Turns: 6059, Time: 00:46:04

Health: -3/73      AC:  4    Str:  7    XL:     10   Next: 22%
Gold:   174        EV: 12    Int: 26    God:    Ashenzari [......] SH:  0 Dex: 15

rFire   + + +      SeeInvis .   k - +7 scimitar "Hetaody" {holy, rElec rF+}
rCold   x . .      Faith    .   (no shield)
rNeg    . . .      Spirit   .   a - +0 robe
rPois   ∞          Reflect  .   C - +0 helmet
rElec   +          Harm     .   (no cloak)
rCorr   .          Rampage  .   w - +0 pair of gloves
Will    +....                   (boots unavailable)
Stlth   ++........              r - amulet of regeneration
HPRegen 1.02/turn               (no ring)
MPRegen 0.00/turn               x - +6 ring of intelligence

@: flying
A: sickness immunity, fire resistance 2, cold vulnerability 1, float, innate
caster, HP casting, extra vitality 1
a: Renounce Religion, Curse Item


You were on level 8 of the Dungeon.
You worshipped Ashenzari.
Ashenzari was noncommittal.
You visited 2 branches of the dungeon, and saw 9 of its levels.
You also visited: Sewer.

You collected 471 gold pieces.
You spent 297 gold pieces at shops.

Inventory:

Hand Weapons
 k - the +7 scimitar "Hetaody" (weapon) {holy, rElec rF+}
   (You bought it in a shop on level 7 of the Dungeon)

   It has been blessed by the Shining One to cause great damage to the undead
   and demons.
   rF:        It protects you from fire.
   rElec:     It insulates you from electricity.
 l - the +1 great sword "Taollis" {speed, *Corrode rPois rC+}
   (You found it on level 2 of the Dungeon)

   Attacks with this weapon are significantly faster.
   rC:        It protects you from cold.
   rPois:     It protects you from poison.
   *Corrode:  It may corrode you when you take damage.
Armour
 a - a +0 robe (worn)
 w - a +0 pair of gloves (worn)
 C - a +0 helmet (worn)
Jewellery
 r - an amulet of regeneration (around neck)
 v - a ring of protection from fire
 x - a +6 ring of intelligence (right hand)
Wands
 j - a wand of flame (13)
 q - a wand of paralysis (17)
Scrolls
 b - 2 scrolls of enchant weapon {unknown}
 c - 6 scrolls of butterflies
 g - a scroll of summoning {unknown}
 i - 2 scrolls of identify
 n - a scroll of blinking {unknown}
 o - 2 scrolls of fear
 p - a scroll of torment {unknown}
 s - a scroll of immolation {unknown}
 t - 7 scrolls of teleportation
 u - a scroll of silence {unknown}
 y - a scroll of noise {unknown}
 B - 2 scrolls of magic mapping {unknown}
 D - a scroll of poison {unknown}
Potions
 d - 3 potions of brilliance
 e - 2 potions of curing
 f - 2 potions of might
 h - 2 potions of ambrosia
 m - a potion of attraction {unknown}
 z - a potion of mutation {unknown}
 A - a potion of invisibility


   Skills:
 + Level 6.8 Fighting
 + Level 2.5 Dodging
 - Level 1.5 Stealth
 * Level 8.6 Spellcasting
 - Level 5.0 Evocations


You had 6 spell levels left.
You knew the following spells:

 Your Spells              Type           Power      Damage    Failure   Level
a - Shock                 Conj/Air       100%       1d9       1%          1
b - Static Discharge      Conj/Air       54%        3-10/arc  1%          2
c - Swiftness             Air            54%        N/A       1%          3
d - Airstrike             Air            27%        2d(4-20)  1%          4
e - Beastly Appendage     Tmut           100%       N/A       1%          1
f - Poisonous Vapours     Pois/Air       100%       N/A       1%          2
g - Vampiric Draining     Necr           54%        2d9       1%          3
h - Sticky Flame          Conj/Fire      54%        2d7       1%          4
Your spell library was empty.

Dungeon Overview and Level Annotations

Branches:
Dungeon (8/15)             Temple (1/1) D:7           Sewer (visited)
   Lair: D:8-11

Altars:
Ashenzari
Cheibriados
Dithmenos
Elyvilon
Fedhas
Gozag
Hepliaklqana
Makhleb
Nemelex Xobeh
Qazlal
Ru
Trog
Uskayaw
Wu Jian
Yredelemnul
Zin
The Shining One

Shops:
D:7 (

Annotations:
D:8 Joseph


Innate Abilities, Weirdness & Mutations

You are immune to sickness and miasma.
You are immune to poison.
Your flesh is very heat resistant. (rF++)
You are vulnerable to cold. (rC-)
You float through the air rather than walking.
You learn spells naturally, not from books.
Your magical power is your life essence.
You have superior vitality. (+4 MHP)


Message History

Press: ? - help, Q - select action, (/) - cycle Shift-Dir - straight line, f - wight
Aim: a wight, wielding a +3 dagger and wearing a +0 robe (74% to hit)
The zap hits the wight.
The wight is lightly damaged.
Aiming: Shock (safe; 1% risk of failure)
Press: ? - help, Q - select action, (/) - cycle Shift-Dir - straight line, f/p - wight
Aim: a wight, wielding a +3 dagger and wearing a +0 robe (lightly damaged, 74% to hit)
The zap misses the wight.
Casting: Shock (safe; 1% risk of failure)
Confirm with . or Enter, or press ? or * to list all spells.
The wight is struck by an arc of lightning.
The wight is moderately damaged.
You resist.
You are struck by an arc of lightning.
The wight is struck by an arc of lightning.
The wight is heavily damaged.
You resist.
You are struck by an arc of lightning.
The wight is struck by an arc of lightning!
The wight is almost destroyed.
The lightning grounds out.
The wight hits you with a +3 dagger.
You slash the wight!
You destroy the wight!
Things that are here:
a +3 dagger; a +0 robe Ashenzari invites you to partake of a vision and a curse of ranged combat and cunning.
q - a wand of paralysis (17) (gained 8 charges) 2 wights come into view.
Aiming: Shock (safe; 1% risk of failure)
Press: ? - help, Q - select action, (/) - cycle Shift-Dir - straight line, f - wight
Aim: a wight, wielding a +0 long sword and wearing a +0 robe (74% to hit)
The zap hits the wight.
The wight is lightly damaged.
Casting: Shock (safe; 1% risk of failure)
Confirm with . or Enter, or press ? or * to list all spells.
The wight is struck by an arc of lightning.
The wight is moderately damaged.
You resist.
You are struck by an arc of lightning.
The wight is struck by an arc of lightning!
You destroy the wight!
The lightning grounds out.
Aiming: Shock (safe; 1% risk of failure)
Press: ? - help, Q - select action, (/) - cycle Shift-Dir - straight line, f - wight
Aim: a wight, wielding a +0 great sword and wearing a +0 robe (74% to hit)
The zap hits the wight.
The wight is moderately damaged.
Aiming: Shock (safe; 1% risk of failure)
Press: ? - help, Q - select action, (/) - cycle Shift-Dir - straight line, f/p - wight
Aim: a wight, wielding a +0 great sword and wearing a +0 robe (moderately damaged, 74% to hit)
The zap misses the wight.
Casting: Shock (safe; 1% risk of failure)
Confirm with . or Enter, or press ? or * to list all spells.
The wight is struck by an arc of lightning!
You destroy the wight!
You resist.
You are struck by an arc of lightning.
Items here: )) [[.
You reach down and open the door.
Found a short sword.
Joseph, a Mercenary comes into view.
He is wielding a +1 quarterstaff of draining and wearing a +3 leather armour of cold resistance.
Joseph shouts!
Joseph unwields a +1 quarterstaff of draining.
Joseph wields a +1 vorpal sling.
Joseph shoots a sling bullet.
The sling bullet hits you!
Joseph shoots a sling bullet.
The sling bullet hits you!!
* * * LOW HITPOINT WARNING * * *
* * * LOW HITPOINT WARNING * * *
You start resting.
Joseph is nearby!
Casting: Static Discharge (safe; 1% risk of failure)
Confirm with . or Enter, or press ? or * to list all spells.
Aiming: Poisonous Vapours (safe; 1% risk of failure)
Press: ? - help, Dir - move target, f - Joseph
Aim: Joseph, wielding a +1 vorpal sling and wearing a +3 leather armour of cold resistance Poisonous vapours surround Joseph!
Joseph is poisoned.
* * * LOW HITPOINT WARNING * * *
Joseph shoots a sling bullet.
The sling bullet barely misses you.
Casting: Poisonous Vapours (safe; 1% risk of failure)
Confirm with . or Enter, or press ? or * to list all spells.
Aiming: Poisonous Vapours (safe; 1% risk of failure)
Press: ? - help, Dir - move target, f/p - Joseph
Aim: Joseph, wielding a +1 vorpal sling and wearing a +3 leather armour of cold resistance (very poisoned) Poisonous vapours surround Joseph!
Joseph looks as sick as possible!
* * * LOW HITPOINT WARNING * * *
Joseph shoots a sling bullet.
The sling bullet hits you!
* * * LOW HITPOINT WARNING * * *
* * * LOW HITPOINT WARNING * * *
Joseph unwields a +1 vorpal sling.
Joseph wields a +1 quarterstaff of draining.
You sense an unholy aura.
Joseph hits you with a +1 quarterstaff of draining!
* * * LOW HITPOINT WARNING * * *
Casting: Poisonous Vapours (safe; 1% risk of failure)
Confirm with . or Enter, or press ? or * to list all spells.
Joseph is struck by an arc of lightning.
Joseph is lightly wounded.
You resist.
You are struck by an arc of lightning.
Joseph is struck by an arc of lightning.
Joseph is lightly wounded.
You resist.
You are struck by an arc of lightning.
* * * LOW HITPOINT WARNING * * *
Joseph hits you with a +1 quarterstaff of draining!
You die...

### ### #.# #.### #.###
#.#.#### ....# #.#....
#.#.# #.#..# #
#.#.######.#..# .###
..............#####.....
#.#...##.........@......
#.#.....##.#..##@#...###
..#...........##.# ..#
.................# .#
.#.###........##.#...#
.#...................
.....................
.........#.##..#....#
.#.##.#.##.##..#.....
....................#


You could see Joseph (extremely poisoned).

Vanquished Creatures
  A two-headed ogre (D:8)
  A hornet (D:8)
  Sigmund (D:2)
  3 water moccasins
  3 ice beasts
  2 centaurs (D:7)
  A phantom (D:5)
  A bullfrog (D:6)
  3 scorpions
  8 wights (D:8)
  3 howler monkeys (D:6)
  2 jellies
  An orc priest (D:3)
  5 hounds
  Ijyb (D:3)
  Natasha (thrice) (D:2)
  Terence (D:2)
  3 iguanas
  5 orc wizards
  9 adders
  A white imp (D:6)
  4 worms
  A dart slug (D:2)
  23 orcs
  6 ball pythons
  4 endoplasms
  8 giant cockroaches
  10 goblins
  5 hobgoblins
  7 jackals
  3 quokkas
  4 bats (D:1)
  4 frilled lizards
  6 kobolds
  4 rats
147 creatures vanquished.

Vanquished Creatures (others)
  A plant (D:5)
1 creature vanquished.

Grand Total: 148 creatures vanquished

Notes
Turn   | Place    | Note
-------+----------+-------------------------------------------
     0 | D:1      | RascalDebosk the Djinni Air Elementalist began the quest
                  | for the Orb.
     0 | D:1      | RascalDebosk set off with the following spells memorised:
                  | Shock, Static Discharge, Swiftness, Airstrike.
     0 | D:1      | Reached XP level 1. HP: 15/15 MP: 0/0
     2 | D:1      | Noticed a naga
     2 | D:1      | Noticed a gargoyle
     4 | D:1      | Noticed a merfolk
     4 | D:1      | Noticed a human
     6 | D:1      | Noticed an ogre
     6 | D:1      | Noticed a demonspawn
     8 | D:1      | Noticed a ghoul
     8 | D:1      | Noticed a spriggan
    10 | D:1      | Noticed a formicid
    10 | D:1      | Noticed a demigod
    12 | D:1      | Noticed a vine stalker
    12 | D:1      | Noticed a draconian
    14 | D:1      | Noticed a tengu
    17 | D:1      | Noticed an elf
    19 | D:1      | Noticed a minotaur
    19 | D:1      | Noticed a troll
    21 | D:1      | Noticed a meteoran
    24 | D:1      | Noticed a felid
    24 | D:1      | Noticed a palentonga
    26 | D:1      | Noticed an octopode
    26 | D:1      | Noticed a formicid
    28 | D:1      | Noticed a draconian
    28 | D:1      | Noticed a demigod
   273 | D:1      | Reached XP level 2. HP: 13/21 MP: 0/0
   542 | D:1      | Found an ornate altar of the Wu Jian Council.
   760 | D:1      | Reached skill level 3 in Spellcasting
   957 | D:1      | Found a faded altar of an unknown god.
  1049 | D:2      | Noticed Sigmund
  1056 | D:2      | Killed Sigmund
  1057 | D:2      | Reached skill level 4 in Spellcasting
  1057 | D:2      | Reached skill level 1 in Fighting
  1057 | D:2      | Reached XP level 3. HP: 3/27 MP: 0/0
  1057 | D:2      | Learned a level 1 spell: Beastly Appendage
  1057 | D:2      | Reached XP level 4. HP: 3/32 MP: 0/0
  1057 | D:2      | Reached XP level 5. HP: 4/37 MP: 0/0
  1057 | D:2      | Learned a level 2 spell: Poisonous Vapours
  1450 | D:2      | Reached XP level 6. HP: 20/43 MP: 0/0
  1634 | D:2      | Identified the +1 great sword "Taollis" {speed, *Corrode
                  | rPois rC+}
  1696 | D:2      | Noticed Terence
  1697 | D:2      | Killed Terence
  1805 | D:2      | Noticed Natasha
  1808 | D:2      | Killed Natasha
  1990 | D:2      | Noticed Natasha
  1994 | D:2      | Killed Natasha
  1994 | D:2      | Noticed Natasha
  1998 | D:2      | Killed Natasha
  1999 | D:2      | Reached skill level 5 in Spellcasting
  2221 | D:3      | Noticed Ijyb
  2226 | D:3      | Paralysed by Ijyb for 3 turns
  2230 | D:3      | Killed Ijyb
  2231 | D:3      | Reached XP level 7. HP: 16/49 MP: 0/0
  2231 | D:3      | Learned a level 3 spell: Vampiric Draining
  3610 | D:4      | You are sucked into a shaft and drop 1 floor!
  3610 | D:5      | Entered Level 5 of the Dungeon
  3644 | D:5      | Found a glowing drain.
  3648 | Sewer    | Entered a sewer
  3675 | Sewer    | Noticed a water moccasin
  3679 | Sewer    | Killed a water moccasin
  3680 | Sewer    | Reached skill level 6 in Spellcasting
  3680 | Sewer    | Reached XP level 8. HP: 53/58 MP: 0/0
  3843 | D:5      | Found a bloodstained altar of Trog.
  3946 | D:5      | Reached skill level 1 in Evocations
  4612 | D:6      | Reached skill level 5 in Fighting
  4612 | D:6      | Reached skill level 7 in Spellcasting
  4612 | D:6      | Reached XP level 9. HP: 65/65 MP: 0/0
  4612 | D:6      | Learned a level 4 spell: Sticky Flame
  4837 | D:6      | Found a sparkling altar of Nemelex Xobeh.
  4838 | D:6      | Found a stormy altar of Qazlal.
  5368 | D:7      | Found a staircase to the Ecumenical Temple.
  5379 | Temple   | Entered the Ecumenical Temple
  5394 | Temple   | Became a worshipper of Ashenzari the Shackled
  5402 | D:7      | Found Mufrim's Antique Weapon Boutique.
  5412 | D:7      | Bought a fading scimitar for 297 gold pieces
  5412 | D:7      | Identified the +7 scimitar "Hetaody" {holy, rElec rF+} (You
                  | bought it in a shop on level 7 of the Dungeon)
  5663 | D:7      | Found a snail-covered altar of Cheibriados.
  5861 | D:8      | Noticed a hornet
  5865 | D:8      | Killed a hornet
  5885 | D:8      | Reached skill level 8 in Spellcasting
  5905 | D:8      | Noticed a two-headed ogre
  5910 | D:8      | Killed a two-headed ogre
  5911 | D:8      | Reached XP level 10. HP: 63/73 MP: 0/0
  5964 | D:8      | Reached skill level 5 in Evocations
  6048 | D:8      | Noticed Joseph
  6059 | D:8      | Slain by Joseph

Illustrated notes

Levels and vault maps discovered:
D:1:      kb_arrival_jail, layout_basic, shapermc_ecumenical_altar_acropolis,
          minmay_hexomino_r4
D:2:      layout_rooms, uniq_sigmund, uniq_terence, uniq_natasha
D:3:      layout_basic, kennysheep_generic_room_2, uniq_ijyb
D:4:      layout_basic
D:5:      layout_basic, bloody_trog, gup_sewer_entry_bowl,
          chequers_serial_rivers_large_b, serial_bayou_pond_a
D:6:      layout_gridville, gammafunk_temple_overflow_claw,
          minmay_misc_feat_more_columns, serial_bayou_pond_e,
          amcnicky_mini_rare_corridor_liquid
D:7:      layout_gridville, lemuel_tele_altar, temple_pool_b, serial_shops,
          shop_fountains
D:8:      layout_basic, nicolae_figureground_sparkle, uniq_joseph
Temple:   hellmonk_temple_two_chambers

Skill      XL: |  1  2  3  4  5  6  7  8  9 10 |
---------------+-------------------------------+-----
Spellcasting   | 4 5 6 7 8 |  8.6
Fighting       | 1 2 3 5 6 |  6.8
Evocations     | 2 4 5 |  5.0
Dodging        | |  2.5
Stealth        | |  1.5

Action                   |  1- 3 |  4- 6 |  7- 9 | 10-12 || total
-------------------------+-------+-------+-------+-------++-------
Melee: Unarmed           |     1 |     1 |       |       ||     2
       Great sword       |       |     3 |    54 |       ||    57
       Scimitar          |       |       |       |     1 ||     1
 Cast: Shock             |    40 |    41 |   150 |    11 ||   242
       Static Discharge  |     2 |     4 |    15 |     4 ||    25
       Poisonous Vapours |       |     1 |    12 |     2 ||    15
       Airstrike         |       |     3 |    16 |     1 ||    20
       Swiftness         |       |       |     1 |       ||     1
       Sticky Flame      |       |       |     1 |       ||     1
  Use: Scroll            |       |       |    10 |       ||    10
 Stab: Sleeping          |       |       |     2 |       ||     2
Armor: Robe              |     2 |     5 |    15 |       ||    22
Dodge: Dodged            |     4 |     1 |    39 |     1 ||    45
